 Dungeon Crawl Stone Soup version 0.22.1-1-ga44c0e5 (webtiles) character file.

1754 Fang the Chopper (level 9, -3/56 HPs)
             Began as a Gargoyle Berserker on Oct 9, 2018.
             Was an Elder of Trog.
             Slain by a killer bee (5 damage)
             ... on level 7 of the Dungeon on Oct 10, 2018.
             The game lasted 00:07:19 (6306 turns).

Fang the Chopper (Gargoyle Berserker)               Turns: 6306, Time: 00:07:20

Health: -3/56      AC: 18    Str: 25    XL:     9   Next: 6%
Magic:  9/9        EV:  8    Int:  7    God:    Trog [****..]
Gold:   413        SH:  0    Dex:  9    Spells: 8/8 levels left

rFire    . . .     SeeInvis .   y - +0 battleaxe
rCold    + . .     Gourm    .   (shield currently unavailable)
rNeg     + . .     Faith    .   n - +0 plate armour (curse)
rPois    ∞         Spirit   .   (no helmet)
rElec    +         Reflect  .   (no cloak)
rCorr    .         Harm     .   (no gloves)
MR       +....                  (no boots)
Stlth    ..........             (no amulet)
HPRegen  0.18/turn              f - ring of protection from cold
MPRegen  0.11/turn              r - ring of protection from magic

@: berserk cooldown, slowed, very slow
A: negative energy resistance 1, electricity resistance, unbreathing,
petrification resistance, rot immunity, AC +6
a: Berserk, Trog's Hand, Brothers in Arms, Renounce Religion


You were on level 7 of the Dungeon.
You worshipped Trog.
Trog was greatly pleased with you.
You were hungry.

You visited 2 branches of the dungeon, and saw 8 of its levels.

You collected 413 gold pieces.

Inventory:

Hand Weapons
 y - a +0 battleaxe (weapon)
Armour
 b - a +0 animal skin
 n - a cursed +0 plate armour (worn)
Jewellery
 f - a ring of protection from cold (left hand)
 h - an uncursed ring of fire
 l - an uncursed ring of protection from cold
 r - a ring of protection from magic (right hand)
Wands
 m - a wand of random effects (42)
 v - a wand of iceblast (12)
Scrolls
 e - 8 scrolls of identify
 g - a scroll of enchant weapon {unknown}
 i - 6 scrolls of immolation
 k - 2 scrolls of remove curse {unknown}
 p - 2 scrolls of magic mapping {unknown}
 q - a scroll of teleportation {unknown}
 w - 2 scrolls of enchant armour {unknown}
 x - a scroll of blinking {unknown}
 z - a scroll of acquirement {unknown}
 A - a scroll of fog {unknown}
Potions
 a - a potion of lignification
 d - a potion of flight {unknown}
 j - 4 potions of haste {unknown}
 o - 4 potions of curing {unknown}
 s - a potion of degeneration {unknown}
 t - a potion of magic {unknown}
 u - a potion of berserk rage {unknown}
Comestibles
 c - 6 rations


   Skills:
 + Level 6.8 Fighting
 + Level 7.9 Axes
 + Level 5.1 Armour
 + Level 3.1 Dodging
 + Level 1.4 Stealth


You had 8 spell levels left.
You didn't know any spells.
Your spell library was empty.

Dungeon Overview and Level Annotations

Branches:
Dungeon (7/15)             Temple (1/1) D:4

Altars:
Ashenzari
Elyvilon
Hepliaklqana
Makhleb
Trog
Wu Jian


Innate Abilities, Weirdness & Mutations

You are resistant to torment.
Your stone body is resilient. (AC +6)
You are immune to poison.
You resist negative energy. (rN+)
You are resistant to electric shocks. (rElec)
You can survive without breathing.
You are immune to petrification.
You are immune to rotting.


Message History

The killer bee stings you but does no damage.
The killer bee closely misses you.
The killer bee stings you but does no damage. x3
The killer bee barely misses you.
The killer bee stings you but does no damage.
The leopard gecko zombie barely misses you.
The killer bee closely misses you. The killer bee stings you.
* * * LOW HITPOINT WARNING * * *
The killer bee stings you but does no damage.
The killer bee stings you.
* * * LOW HITPOINT WARNING * * *
The leopard gecko zombie closely misses you.
You closely miss the killer bee. You miss the killer bee.
You completely miss the leopard gecko zombie.
You closely miss the killer bee. x2; The killer bee closely misses you.
The killer bee stings you but does no damage. x2
The killer bee barely misses you. x2
The killer bee stings you but does no damage.
The killer bee stings you.
You die...

.... ##.... ... ..
....#####.... .... ....
...........##.....
..#.## #......).........
...... #....##†.<.......
......##........###.....
......5W........# ...
......yy#.....### .
......y@y.†.###
......Z#..###
?......#..# ......##..#
.#.... #..# ...... ..#.
..... ...#.. .....
..##.. ... ..


You could see a hungry ghost (inner flame), 4 killer bees, a crimson imp (inner
flame) and a leopard gecko zombie (inner flame).

Vanquished Creatures
  An orc warrior (D:6)
  A sky beast (D:5)
  A phantom (D:5)
  3 ogres
  Blork the orc (D:5)
  3 bullfrogs (D:6)
  2 killer bees (D:7)
  The ghost of TittyCrusher the Ruffian, a weakling CeTm of Elyvilon (D:3)
  2 howler monkeys
  A crimson imp (D:6)
  A centaur zombie (D:7)
  A bullfrog skeleton (D:5)
  2 hounds
  3 orc priests
  7 orc wizards
  Ijyb (D:5)
  3 worker ants
  A killer bee zombie (D:6)
  3 gnolls (D:5)
  4 adders
  2 oozes
  2 worms
  4 dart slugs (D:1)
  5 leopard geckos
  19 orcs
  A ball python (D:2)
  6 bats
  5 giant cockroaches
  8 goblins
  12 hobgoblins
  2 jackals (D:1)
  3 kobolds
  4 quokkas
  7 frilled lizards
  9 rats
131 creatures vanquished.

Notes
Turn   | Place    | Note
-------+----------+-------------------------------------------
     0 | D:1      | Fang the Gargoyle Berserker began the quest for the Orb.
     0 | D:1      | Reached XP level 1. HP: 14/14 MP: 1/1
    92 | D:1      | Reached XP level 2. HP: 13/19 MP: 2/2
   109 | D:1      | Reached skill level 3 in Axes
   383 | D:1      | Reached XP level 3. HP: 21/24 MP: 3/3
   953 | D:1      | Reached ** piety under Trog
  1402 | D:2      | You fall through a shaft!
  1420 | D:3      | Noticed TittyCrusher's ghost (weakling CeTm)
  1439 | D:3      | Found a runed gate.
  1439 | D:3      | Found a runed gate.
  1439 | D:3      | Found a runed gate.
  1463 | D:3      | Reached XP level 4. HP: 29/29 MP: 4/4
  2414 | D:2      | Reached skill level 4 in Axes
  2490 | D:2      | You fall through a shaft!
  2798 | D:3      | Reached *** piety under Trog
  2802 | D:3      | Killed TittyCrusher's ghost
  2802 | D:3      | Reached XP level 5. HP: 33/33 MP: 5/5
  3030 | D:4      | Found a shattered altar of Ashenzari.
  3263 | D:4      | Reached XP level 6. HP: 39/39 MP: 6/6
  3268 | D:4      | Reached skill level 5 in Axes
  3345 | D:4      | Found a hazy altar of Hepliaklqana.
  3499 | D:4      | Found a staircase to the Ecumenical Temple.
  3827 | D:4      | Reached skill level 1 in Stealth
  3855 | Temple   | Entered the Ecumenical Temple
  3882 | D:5      | Entered Level 5 of the Dungeon
  4021 | D:5      | Reached XP level 7. HP: 40/44 MP: 7/7
  4182 | D:5      | Reached skill level 5 in Fighting
  4349 | D:5      | HP: 3/66 [ogre/giant spiked club (16)]
  4350 | D:5      | Reached skill level 6 in Axes
  4672 | D:5      | Noticed Blork the orc
  4673 | D:5      | Noticed Ijyb
  4688 | D:5      | Killed Blork the orc
  4705 | D:5      | Reached XP level 8. HP: 50/50 MP: 8/8
  4720 | D:5      | Paralysed by Ijyb for 3 turns
  4731 | D:5      | Paralysed by Ijyb for 3 turns
  4763 | D:5      | Paralysed by Ijyb for 4 turns
  4783 | D:5      | Killed Ijyb
  4787 | D:5      | Paralysed by fainting for 7 turns
  5028 | D:6      | Reached **** piety under Trog
  5404 | D:6      | Reached skill level 7 in Axes
  6260 | D:7      | Reached skill level 5 in Armour
  6289 | D:7      | Reached XP level 9. HP: 56/56 MP: 9/9
  6305 | D:7      | HP: 1/56 [killer bee (4)]
  6306 | D:7      | Slain by a killer bee

Skill      XL: |  1  2  3  4  5  6  7  8 |
---------------+-------------------------+-----
Axes           | 3 4 5 6 7 |  7.9
Fighting       | 4 5 6 |  6.8
Dodging        | 2 3 |  3.1
Stealth        | 1 |  1.4
Armour         | 3 4 5 |  5.1

Action                   |  1- 3 |  4- 6 |  7- 9 || total
-------------------------+-------+-------+-------++-------
Melee: Hand axe          |   105 |   214 |   254 ||   573
       Battleaxe         |       |       |    85 ||    85
Invok: Berserk           |     1 |     2 |     7 ||    10
  Use: Scroll            |       |       |     2 ||     2
  Eat: Chunk             |     2 |    11 |    11 ||    24
       Ration            |       |       |     1 ||     1
Armor: Animal skin       |    50 |    20 |       ||    70
       Plate armour      |       |   120 |   401 ||   521
Dodge: Dodged            |    97 |    91 |   236 ||   424
